 Dungeon Sprint DCSS version 0.29-a0-337-g68df138881 (webtiles) character file.

Game seed: 12446373089340713327

64244 mhtbhm the Swordmaster (level 14, -14/168 HPs)
             Began as a Minotaur Berserker on Apr 16, 2022.
             Was the Champion of Trog.
             Demolished by an ironbound frostheart (28 damage)
             ... in the Dungeon (Sprint IX: "|||||||||||||||||||||||||||||").
             The game lasted 00:10:02 (6420 turns).

mhtbhm the Swordmaster (Minotaur Berserker)         Turns: 6420, Time: 00:10:04

Health: -14/168    AC: 20    Str: 27    XL:     14   Next: 71%
Magic:  4/4        EV: 20    Int:  6    God:    Trog [******]
Gold:   829        SH: 12    Dex: 15    Spells: 13/13 levels left

rFire   + . .      SeeInvis .   a - +2 demon blade (vorpal)
rCold   . . .      Faith    .   c - +0 kite shield {reflect}
rNeg    . . .      Spirit   .   b - +0 swamp dragon scales
rPois   +          Reflect  +   (helmet restricted)
rElec   +          Harm     .   t - +0 cloak
rCorr   .          Rampage  .   l - +0 pair of gloves
Will    +++..      NoTele   +   k - +0 pair of boots
Stlth   +++.......              (no amulet)
HPRegen 1.38/turn               m - +2 ring of protection
MPRegen 0.09/turn               v - ring "Unugudwo" {rElec rF+ MP-9 Int+2 Dex+5}

@: strong-willed, on berserk cooldown, regenerating, slowed, very slow
A: horns 2, retaliatory headbutt
a: Renounce Religion, Berserk, Trog's Hand, Brothers in Arms


You were in the Dungeon.
You worshipped Trog.
Trog was exalted by your worship.
You visited 1 branch You collected 1888 gold pieces.
You spent 1059 gold pieces at shops.

Inventory:

Hand Weapons
 a - a +2 vorpal demon blade (weapon)
 s - a +4 great sword of flaming
 D - a +0 great mace of holy wrath
Armour
 b - +0 swamp dragon scales (worn)
 c - a +0 kite shield of reflection (worn)
 k - a +0 pair of boots (worn)
 l - a +0 pair of gloves (worn)
 t - a +0 cloak (worn)
Jewellery
 m - a +2 ring of protection (left hand)
 v - the ring "Unugudwo" (right hand) {rElec rF+ MP-9 Int+2 Dex+5}
   (You bought it in a shop in the Dungeon)

   [ring of protection from fire]

   Int:       It affects your intelligence (+2).
   Dex:       It affects your dexterity (+5).
   rF:        It protects you from fire.
   rElec:     It insulates you from electricity.
   MP:        It affects your magic capacity (-9).
 A - a ring of fire
 C - a ring of protection from cold
Wands
 y - a wand of flame (18)
Scrolls
 h - 2 scrolls of blinking
 p - 3 scrolls of enchant weapon
 q - 8 scrolls of enchant armour
 r - 3 scrolls of fear
 w - 3 scrolls of identify
Potions
 d - 3 potions of heal wounds
 e - 3 potions of haste
 f - 4 potions of magic
 g - 3 potions of berserk rage
 i - a potion of invisibility
 n - a potion of mutation
 o - a potion of resistance
 u - 2 potions of might
 z - a potion of attraction
 B - 6 potions of curing


   Skills:
 O Level 27 Fighting
 O Level 27 Long Blades
 + Level 19.0 Armour
 + Level 19.6 Dodging
 + Level 5.9 Stealth
 + Level 11.6 Shields
 + Level 7.0 Evocations


You had 13 spell levels left.
You didn't know any spells.
Your spell library was empty.

Dungeon Overview and Level Annotations

Branches:
Dungeon (1/1)

Altars:
Cheibriados
Dithmenos
Elyvilon
Fedhas
Gozag
Hepliaklqana
Kikubaaqudgha
Makhleb
Nemelex Xobeh
Okawaru
Qazlal
Ru
Sif Muna
Trog
Uskayaw
Vehumet
Wu Jian
Xom
Yredelemnul
Zin
The Shining One
Beogh
Jiyva
Lugonu

Shops:
D [?*!


Innate Abilities, Weirdness & Mutations

You have a pair of horns on your head.
You reflexively headbutt those who attack you in melee.


Message History

The sphinx mumbles some strange words.
You resist with almost no effort.
You slash the sphinx! You headbutt the sphinx.
The sphinx is severely wounded.
The sphinx casts a spell.
Something smites you!
* * * LOW HITPOINT WARNING * * *
Unknown command.
Unknown command.
You hit the sphinx.
The sphinx is severely wounded.
The sphinx hits you but does no damage. The sphinx hits you.
* * * LOW HITPOINT WARNING * * *
The sphinx hits you but does no damage.
The ironbound frostheart calls freezing cold from the walls.
The frost grips you!
* * * LOW HITPOINT WARNING * * *
You are encased in ice.
Unknown command.
You slice the sphinx!!
You kill the sphinx!
Trog accepts your kill.
Trog appreciates your killing of a magic user.
You feel your intelligence returning.
Your Armour skill increases to level 19!
Your Evocations skill increases to level 7!
Unknown command.
You hit the ironbound frostheart but do no damage.
You headbutt the ironbound frostheart!
The ironbound frostheart is lightly wounded.
The ice encasing you melts away.
You block the ironbound frostheart's attack.
You slice the ironbound frostheart!!
The ironbound frostheart is severely wounded.
The ironbound convoker gestures at the ironbound frostheart while chanting.
The ironbound frostheart seems to grow stronger.
The ironbound frostheart touches you!!
* * * LOW HITPOINT WARNING * * *
The ironbound frostheart freezes you!!
You die...

.▓.▓∩▓.▓.▓.▓.▓.▓
?▓.▓.▓.▓.▓.▓.▓.▓G▓
(▓.▓∩▓.▓.▓.▓.▓.▓.▓
.▓.▓.▓.▓.▓.▓.▓.▓p▓
.▓.▓∩▓.▓.▓.▓.▓.▓p▓
†▓.▓.▓.▓)▓.▓.▓.▓§▓
)▓.▓∩▓.▓)▓.▓.▓.▓p▓
.▓.▓.▓.▓)▓.▓)▓.▓p▓
.▓.▓)▓.▓)▓.♣.♣.▓@▓
†▓.▓)▓.▓)▓.♣.♣.▓)▓
†▓.▓)▓.▓'▓.♣.♣.▓§▓
†▓.▓)▓.▓.▓.♣.♣.▓§▓
.▓.▓)▓.▓.▓.♣.♣.▓)▓
.▓.▓.▓.▓.▓.♣.♣.▓[▓
.▓.▓.▓.▓.▓.♣.♣.▓)▓
.▓.▓)▓.▓.▓.♣)♣.▓)▓
.▓.▓.▓.▓.▓.♣)♣.▓+▓


You could see an ironbound frostheart (strong) and an ironbound convoker.

Vanquished Creatures
  A lich (D)
  Rupert (D)
  2 sphinxes (D)
  Donald (D)
  A fire giant (D)
  A frost giant (D)
  2 vault wardens (D)
  3 ironbound preservers (D)
  A very ugly thing (D)
  An eleionoma (D)
  5 stone giants (D)
  4 yaktaur captains (D)
  2 ettins (D)
  A fire dragon (D)
  A merfolk impaler (D)
  4 hydras (D)
  3 rakshasas (D)
  An ice dragon (D)
  4 centaur warriors (D)
  An anaconda (D)
  2 ironbound frosthearts (D)
  A jorogumo (D)
  A merfolk aquamancer (D)
  2 two-headed ogres (D)
  2 naga warriors (D)
  3 deep troll shamans (D)
  A deep troll earth mage (D)
  An alligator (D)
  A naga sharpshooter (D)
  3 tengu warriors (D)
  3 orc high priests (D)
  A salamander mystic (D)
  A pharaoh ant (D)
  A steelbarb worm (D)
  A sea snake (D)
  A flayed ghost (D)
  2 orb spiders (D)
  A lindwurm (D)
  An ironbound convoker (D)
  A harpy (D)
  4 ugly things (D)
  A cyclops (D)
  3 orc sorcerers (D)
  7 orc knights (D)
  A salamander (D)
  A manticore (D)
  2 will-o-the-wisps (D)
  A naga mage (D)
  A cane toad (shapeshifter) (D)
  3 black mambas (D)
  3 cane toads (D)
  2 vault sentinels (D)
  Psyche (D)
  A yaktaur (D)
  A komodo dragon (D)
  A freezing wraith (D)
  A merfolk (D)
  A tarantella (D)
  A hornet (D)
  6 blink frogs (D)
  A tyrant leech (D)
  3 snapping turtles (D)
  A jumping spider (D)
  A spriggan (D)
  2 wyverns (D)
  A water elemental (D)
  A yak (D)
  2 redbacks (D)
  A vampire mosquito (D)
  3 water moccasins (D)
  8 orc warriors (D)
  An ogre (D)
  A wolf (D)
  5 bullfrogs (D)
  A gnoll sergeant (D)
  A wight (D)
  A howler monkey (D)
  A jelly (D)
  3 orc priests (D)
  2 orc wizards (D)
  A dart slug (D)
  14 orcs (D)
  A giant cockroach (D)
  A quokka (D)
  2 ball pythons (D)
  A rat (D)
172 creatures vanquished.

Vanquished Creatures (collateral kills)
  A naga sharpshooter (D)
  A naga ritualist (D)
2 creatures vanquished.

Vanquished Creatures (others)
  A glowing orange brain (D)
  A foxfire (D)
2 creatures vanquished.

Grand Total: 176 creatures vanquished

Notes
Turn   | Place    | Note
-------+----------+-------------------------------------------
     0 | D        | mhtbhm the Minotaur Berserker began the quest for the Orb.
     0 | D        | Reached XP level 1. HP: 19/19 MP: 0/0
    14 | D        | Reached ** piety under Trog
   199 | D        | Noticed a jelly
   199 | D        | Noticed a howler monkey
   199 | D        | Noticed an ogre
   203 | D        | Killed an ogre
   204 | D        | Reached XP level 2. HP: 24/31 MP: 1/1
   204 | D        | Reached XP level 3. HP: 30/38 MP: 2/2
   204 | D        | Reached XP level 4. HP: 36/45 MP: 3/3
   207 | D        | Reached *** piety under Trog
   212 | D        | Reached XP level 5. HP: 28/53 MP: 4/4
   223 | D        | Found a snail-covered altar of Cheibriados.
   223 | D        | Found a shadowy altar of Dithmenos.
   223 | D        | Found a white marble altar of Elyvilon.
   223 | D        | Found a blossoming altar of Fedhas.
   223 | D        | Found an opulent altar of Gozag.
   224 | D        | Found a hazy altar of Hepliaklqana.
   225 | D        | Found a viscous altar of Jiyva.
   226 | D        | Found an ancient bone altar of Kikubaaqudgha.
   227 | D        | Found a corrupted altar of Lugonu.
   228 | D        | Found a burning altar of Makhleb.
   229 | D        | Found a sparkling altar of Nemelex Xobeh.
   230 | D        | Found an iron altar of Okawaru.
   231 | D        | Found a stormy altar of Qazlal.
   232 | D        | Found a sacrificial altar of Ru.
   233 | D        | Found a shimmering blue altar of Sif Muna.
   234 | D        | Found a bloodstained altar of Trog.
   235 | D        | Found a hide-covered altar of Uskayaw.
   236 | D        | Found a radiant altar of Vehumet.
   237 | D        | Found an ornate altar of the Wu Jian Council.
   238 | D        | Found a shimmering altar of Xom.
   239 | D        | Found a basalt altar of Yredelemnul.
   240 | D        | Found a glowing silver altar of Zin.
   241 | D        | Found a glowing golden altar of the Shining One.
   403 | D        | Noticed a two-headed ogre
   403 | D        | Noticed a two-headed ogre
   403 | D        | Noticed a wyvern
   405 | D        | Killed a wyvern
   405 | D        | Reached **** piety under Trog
   406 | D        | Reached skill level 10 in Long Blades
   406 | D        | Reached skill level 5 in Armour
   406 | D        | Reached XP level 6. HP: 66/66 MP: 5/5
   408 | D        | Killed a two-headed ogre
   409 | D        | Reached XP level 7. HP: 77/77 MP: 6/6
   415 | D        | Killed a two-headed ogre
   416 | D        | Reached skill level 1 in Stealth
   416 | D        | Reached XP level 8. HP: 86/86 MP: 7/7
   422 | D        | Reached ***** piety under Trog
   423 | D        | Reached skill level 15 in Long Blades
   500 | D        | Noticed a centaur warrior
   500 | D        | Noticed a purple ugly thing
   500 | D        | Noticed a centaur warrior
   500 | D        | Noticed a tengu warrior
   500 | D        | Noticed a purple ugly thing
   500 | D        | Noticed a komodo dragon
   504 | D        | Killed a komodo dragon
   509 | D        | Killed a purple ugly thing
   510 | D        | Reached XP level 9. HP: 96/96 MP: 8/8
   515 | D        | Killed a tengu warrior
   515 | D        | Received a gift from Trog
   516 | D        | Reached skill level 15 in Fighting
   516 | D        | Reached skill level 10 in Dodging
   519 | D        | Killed a centaur warrior
   525 | D        | Killed a purple ugly thing
   529 | D        | Killed a centaur warrior
   530 | D        | Reached XP level 10. HP: 107/107 MP: 9/9
   666 | D        | Noticed a black mamba
   666 | D        | Noticed a black mamba
   675 | D        | Killed a black mamba
   680 | D        | Killed a black mamba
   684 | D        | Reached ****** piety under Trog
   686 | D        | Reached skill level 10 in Armour
   731 | D        | Noticed a seven-headed hydra
   731 | D        | Noticed a black mamba
   731 | D        | Noticed a cane toad
   733 | D        | Noticed a lindwurm
   735 | D        | Killed a cane toad
   741 | D        | Identified the +10 triple sword of Jyniq {antimagic, rF+
                  | Dex+3} (Trog gifted it to you in the Dungeon)
   741 | D        | Received a gift from Trog
   745 | D        | Killed a four-headed hydra
   746 | D        | Killed a black mamba
   751 | D        | Killed a lindwurm
   752 | D        | Reached XP level 11. HP: 118/118 MP: 10/10
   774 | D        | Received a gift from Trog
   837 | D        | Received a gift from Trog
  1019 | D        | Received a gift from Trog
  1148 | D        | Noticed an orc high priest
  1148 | D        | Noticed an orc knight
  1153 | D        | Killed an orc knight
  1153 | D        | Received a gift from Trog
  1157 | D        | Killed an orc high priest
  1175 | D        | Received a gift from Trog
  1471 | D        | Found Uphathat's Distillery.
  1471 | D        | Noticed an orc high priest
  1471 | D        | Noticed an orc sorcerer
  1471 | D        | Noticed an orc sorcerer
  1471 | D        | Noticed an orc knight
  1471 | D        | Noticed an orc knight
  1476 | D        | Killed an orc knight
  1479 | D        | Killed an orc knight
  1481 | D        | Killed an orc sorcerer
  1481 | D        | Received a gift from Trog
  1482 | D        | Found Fived's General Store.
  1489 | D        | Killed an orc sorcerer
  1495 | D        | Noticed an orc knight
  1496 | D        | Killed an orc high priest
  1497 | D        | Found Ytoyn's Magic Scroll Boutique.
  1498 | D        | Noticed an orc knight
  1503 | D        | Killed an orc knight
  1508 | D        | Noticed an orc knight
  1509 | D        | Killed an orc knight
  1509 | D        | Received a gift from Trog
  1571 | D        | Killed an orc knight
  1602 | D        | Noticed an orc high priest
  1617 | D        | Killed an orc high priest
  1618 | D        | Reached XP level 12. HP: 50/133 MP: 3/11
  1834 | D        | Reached skill level 1 in Evocations
  1937 | D        | Found Huewes's Antique Armour Shop.
  1967 | D        | Bought a potion of curing for 39 gold pieces
  1967 | D        | Bought a potion of curing for 39 gold pieces
  1967 | D        | Bought a potion of curing for 39 gold pieces
  1967 | D        | Bought 2 potions of might for 104 gold pieces
  1967 | D        | Bought a potion of haste for 130 gold pieces
  1969 | D        | Bought the ring "Unugudwo" {rElec rF+ MP-9 Int+2 Dex+5} for
                  | 348 gold pieces
  1969 | D        | Bought a scroll of fear for 35 gold pieces
  1969 | D        | Bought a potion of haste for 100 gold pieces
  1971 | D        | Bought a scroll of identify for 24 gold pieces
  1971 | D        | Bought a scroll of enchant weapon for 90 gold pieces
  1971 | D        | Bought a scroll of fog for 24 gold pieces
  1975 | D        | Bought a scroll of identify for 24 gold pieces
  1975 | D        | Bought a scroll of identify for 24 gold pieces
  1979 | D        | Bought a potion of attraction for 39 gold pieces
  2009 | D        | Noticed Psyche
  2015 | D        | Killed Psyche
  2015 | D        | Received a gift from Trog
  2156 | D        | Noticed a centaur warrior
  2156 | D        | Noticed a centaur warrior
  2157 | D        | Noticed a tengu warrior
  2167 | D        | Noticed a deep troll shaman
  2167 | D        | Noticed a stone giant
  2170 | D        | Killed a centaur warrior
  2173 | D        | Killed a centaur warrior
  2349 | D        | Noticed a rakshasa
  2351 | D        | Killed a tengu warrior
  2353 | D        | Received a gift from Trog
  2354 | D        | Noticed a rakshasa
  2355 | D        | Killed a deep troll shaman
  2356 | D        | Noticed a rakshasa
  2358 | D        | Killed a stone giant
  2359 | D        | Reached skill level 15 in Armour
  2365 | D        | Killed a rakshasa
  2371 | D        | Killed a rakshasa
  2374 | D        | Noticed a tengu warrior
  2374 | D        | Noticed a rakshasa
  2384 | D        | Killed a rakshasa
  2391 | D        | Killed a tengu warrior
  2391 | D        | Received a gift from Trog
  2580 | D        | Noticed Donald
  2594 | D        | Killed Donald
  2843 | D        | Noticed Rupert
  2853 | D        | Killed Rupert
  3128 | D        | Noticed a merfolk impaler
  3129 | D        | Noticed a merfolk aquamancer
  3140 | D        | Received a gift from Trog
  3148 | D        | Killed a merfolk impaler
  3149 | D        | Reached XP level 13. HP: 148/148 MP: 1/12
  3170 | D        | Received a gift from Trog
  3527 | D        | Received a gift from Trog
  3543 | D        | Received a gift from Trog
  3545 | D        | HP: 7/151 [poisoned by a naga ritualist (toxic radiance)]
  3963 | D        | Noticed an eleionoma
  3979 | D        | Killed an eleionoma
  3995 | D        | Received a gift from Trog
  4002 | D        | HP: 7/152 [five-headed hydra (4)]
  4005 | D        | Reached skill level 27 in Long Blades
  4005 | D        | Reached skill level 15 in Dodging
  4441 | D        | Received a gift from Trog
  4993 | D        | Noticed a stone giant
  4993 | D        | Noticed a frost giant
  4993 | D        | Noticed an ettin
  4993 | D        | Noticed a sphinx
  4993 | D        | Noticed a stone giant
  5001 | D        | Killed a stone giant
  5002 | D        | Reached skill level 1 in Shields
  5002 | D        | Noticed an ettin
  5006 | D        | Killed a sphinx
  5008 | D        | Received a gift from Trog
  5014 | D        | Killed a frost giant
  5015 | D        | Noticed a cyan very ugly thing
  5016 | D        | Noticed a stone giant
  5020 | D        | Killed a stone giant
  5021 | D        | Reached XP level 14. HP: 84/166 MP: 4/13
  5021 | D        | Noticed a lich
  5024 | D        | Noticed a stone giant
  5034 | D        | HP: 8/166 [cyan very ugly thing (8)]
  5128 | D        | Killed a cyan very ugly thing
  5128 | D        | Received a gift from Trog
  5493 | D        | Killed a stone giant
  5497 | D        | Killed a lich
  5768 | D        | Killed a stone giant
  5769 | D        | Reached skill level 27 in Fighting
  5894 | D        | Reached skill level 5 in Shields
  5894 | D        | Reached skill level 5 in Evocations
  6158 | D        | Noticed a fire giant
  6172 | D        | Killed a fire giant
  6189 | D        | Received a gift from Trog
  6346 | D        | Noticed an ironbound preserver
  6346 | D        | Noticed a vault warden
  6346 | D        | Noticed an ironbound preserver
  6346 | D        | Noticed an ironbound preserver
  6351 | D        | Killed an ironbound preserver
  6356 | D        | Killed an ironbound preserver
  6357 | D        | Reached skill level 5 in Stealth
  6361 | D        | Received a gift from Trog
  6362 | D        | Noticed a vault warden
  6365 | D        | Killed a vault warden
  6369 | D        | Killed an ironbound preserver
  6381 | D        | Received a gift from Trog
  6390 | D        | Killed a vault warden
  6391 | D        | Reached skill level 10 in Shields
  6399 | D        | Noticed a sphinx
  6400 | D        | Received a gift from Trog
  6418 | D        | Killed a sphinx
  6420 | D        | Demolished by an ironbound frostheart

Illustrated notes

Levels and vault maps discovered:
D:        linesprint [early_d, line_temple, items_1, d_10, items_2, lair_1,
          lair_end, items_3, orc_1, orc_end, items_4, d_15, swamp_1, shoals_1,
          snake_1, spider_1, d_20, vaults_1, items_5, swamp_end, shoals_end,
          snake_end, spider_end, vaults_end, d_27, items_6, zot_1, zot_end,
          crypt_end, forest_end, elf_end, slime_end, tomb_end, abyss_end,
          pan_hell_end]

Skill      XL: |  1  2  3  4  5  6  7  8  9 10 11 12 13 14 |
---------------+-------------------------------------------+-----
Fighting       | 6 8 9 12 13 14 16 17 20 23 26 27 | 27.0
Long Blades    | 7 9 10 13 14 16 18 20 23 25 27 | 27.0
Armour         | 3 4 5 6 7 8 9 10 13 16 17 19 | 19.0
Dodging        | 4 6 7 8 9 11 12 13 16 19 | 19.6
Stealth        | 1 2 3 5 |  5.9
Evocations     | 2 4 7 |  7.0
Shields        | 3 11 | 11.6

Action                   |  1- 3 |  4- 6 |  7- 9 | 10-12 | 13-15 || total
-------------------------+-------+-------+-------+-------+-------++-------
Melee: Falchion          |    15 |     9 |       |       |       ||    24
       Headbutt          |     2 |     2 |     7 |    45 |    79 ||   135
       Scimitar          |       |     3 |    40 |    44 |       ||    87
       Triple sword      |       |       |       |   201 |    71 ||   272
       Demon blade       |       |       |       |       |   195 ||   195
Invok: Berserk           |     1 |     1 |     1 |     9 |     8 ||    20
       Brothers in Arms  |       |       |       |     1 |     2 ||     3
       Trog's Hand       |       |       |       |       |     1 ||     1
Evoke: Wand              |       |       |       |     4 |    11 ||    15
  Use: Potion            |       |       |       |     2 |     6 ||     8
       Scroll            |       |       |       |       |     3 ||     3
Armor: Chain mail        |       |     1 |     9 |    22 |       ||    32
       Plate armour      |       |       |       |    16 |       ||    16
       Swamp dragon scal |       |       |       |    20 |    87 ||   107
Dodge: Dodged            |     9 |     5 |    15 |   110 |   183 ||   322
Block: Kite shield       |       |       |       |       |    45 ||    45
       Reflection        |       |       |       |       |     1 ||     1

Table legend: (Time is in decaauts)
 A = Elapsed time spent in this place.
 B = Non-inter-level travel time spent in this place.
 C = Inter-level travel time spent in this place.
 D = Time resting spent in this place.
 E = Time spent auto-exploring this place.
 F = Levels seen in this place.
 G = Mean time per level.
                   A        B        C        D        E       F      G
               +--------+--------+--------+--------+--------+-----+--------+
         Total |   6392 |   6392 |      0 |   4260 |    312 |   1 | 6392.0 |
       Dungeon |   6392 |   6392 |      0 |   4260 |    312 |   1 | 6392.0 |
               +--------+--------+--------+--------+--------+-----+--------+

Top non-repeatable levels by time:
       D: 6392 daAuts
